 Dungeon Crawl Stone Soup version 0.20-a0-277-g7db01f4 (webtiles) character file.

64377 gamerape the Warrior (level 15, -8/117 HPs)
             Began as an Octopode Abyssal Knight on Dec 10, 2016.
             Was the Champion of Lugonu.
             Mangled by a sixfirhy (14 damage)
             ... summoned by an orc sorcerer
             ... while paralysed by an orc sorcerer
             ... on level 2 of the Orcish Mines on Dec 11, 2016.
             The game lasted 02:35:14 (36603 turns).

gamerape the Warrior (Octopode Abyssal Knight)     Turns: 36603, Time: 02:35:16

Health: -8/117     AC:  1    Str: 12    XL:     15   Next: 12%
Magic:  0/20       EV:  2    Int: 15    God:    Lugonu [******]
Gold:   1830       SH:  0    Dex: 17    Spells: 13/14 levels left

rFire  + . .     SeeInvis .     a - +5 dagger (distort)
rCold  + . .     Gourm    .     (no shield)
rNeg   . . .     Faith    .     (helmet restricted)
rPois  .         Spirit   +     x - amulet of guardian spirit
rElec  .         Reflect  .     s - ring of protection from cold
rCorr  .         Harm     .     V - ring of stealth
MR     +....                    Q - +5 ring of slaying
Stlth  ++++++++..               (no ring)
                                (no ring)
                                (no ring)
                                (no ring)
                                (no ring)

@: paralysed, studying Ice Magic
A: almost no armour, stealthy swim, amphibious, 8 rings, constrict 8, tentacle
spike 1, camouflage 1, fire resistance 1, gelatinous body 1
a: Depart the Abyss, Bend Space, Banish, Corrupt, Enter the Abyss, Brand Weapon
With Distortion, Renounce Religion


You were on level 2 of the Orcish Mines.
You worshipped Lugonu.
Lugonu was exalted by your worship.
You were not hungry.

You visited 3 branches of the dungeon, and saw 19 of its levels.
You visited the Abyss 1 time.

You collected 1830 gold pieces.

Inventory:

Hand Weapons
 a - a +5 dagger of distortion (weapon)
 b - the +8 flail "Qac Wawu" {crush, MR++ Dex+4}
   (You found it on level 9 of the Dungeon)

   It inflicts extra damage upon your enemies.
   It affects your dexterity (+4).
   It affects your resistance to hostile enchantments.
 X - a +0 falchion
 Z - a +2 dagger of electrocution
Missiles
 h - 12 curare-tipped needles
 v - 11 tomahawks (quivered)
Armour
 i - a +0 buckler
Jewellery
 n - an uncursed ring of ice
 s - a ring of protection from cold (left tentacle)
 x - an amulet of guardian spirit (around mantle)
 O - an uncursed ring of fire
 Q - a +5 ring of slaying (on tentacle)
 V - a ring of stealth (right tentacle)
Wands
 c - a wand of confusion (26/48)
 e - a wand of lightning (2/15)
 A - a wand of digging (15/24)
 D - a wand of slowing (46/48)
 T - a wand of hasting (2/9)
 U - a wand of acid (0/15)
Scrolls
 d - a scroll of blinking
 g - a scroll of enchant weapon
 k - 5 scrolls of teleportation
 l - 5 scrolls of recharging
 m - 7 scrolls of remove curse
 q - 4 scrolls of magic mapping
 u - 2 scrolls of fog
 y - 5 scrolls of identify
 z - a scroll of amnesia
 E - 5 scrolls of enchant armour
 I - 3 scrolls of noise {unknown}
 L - a scroll of holy word {unknown}
 S - 2 scrolls of acquirement {unknown}
Potions
 f - 2 potions of magic
 j - a potion of cure mutation {unknown}
 o - a potion of heal wounds
 w - 2 potions of haste
 B - 2 potions of mutation {unknown}
 C - a potion of invisibility
 F - 3 potions of ambrosia {unknown}
 H - 2 potions of lignification {unknown}
 M - a potion of curing
 P - 3 potions of might
 Y - 3 potions of cancellation {unknown}
Books
 p - a manual of Ice Magic
 r - a Fen Folio

   Spells                             Type                      Level
   a - Corpse Rot                     Necromancy                   2
   b - Stone Arrow                    Conjuration/Earth            3
   c - Leda's Liquefaction            Hexes/Earth                  4
   d - Summon Forest                  Summoning/Translocation      5
   e - Hydra Form                     Transmutation                6
   f - Summon Hydra                   Summoning                    7
 N - a book of Clouds

   Spells                             Type                      Level
   a - Mephitic Cloud                 Conjuration/Poison/Air       3
   b - Conjure Flame                  Conjuration/Fire             3
   c - Poisonous Cloud                Conjuration/Poison/Air       5
   d - Freezing Cloud                 Conjuration/Ice/Air          6
   e - Ring of Flames                 Charms/Fire                  7
 W - a book of Changes

   Spells                             Type                      Level
   a - Beastly Appendage              Transmutation                1
   b - Sticks to Snakes               Transmutation                2
   c - Spider Form                    Transmutation/Poison         3
   d - Ice Form                       Ice/Transmutation            4
   e - Blade Hands                    Transmutation                5
Comestibles
 t - 3 meat rations
 G - 7 chunks of flesh
 J - 9 bread rations


   Skills:
 * Level 15.7 Fighting
 + Level 10.3 Long Blades
 + Level 11.9 Dodging
 + Level 15.1 Stealth
 - Level 7.3 Invocations
 + Level 6.8 Evocations


You had 13 spell levels left.
You knew the following spells:

 Your Spells              Type           Power        Failure   Level  Hunger
a - Confusing Touch       Hex            #.....       28%         1    ##.....


Dungeon Overview and Level Annotations

Branches:
Dungeon (11/15)            Temple (0/1) D:6            Lair (6/6) D:11
 Shoals (0/4) Lair:2       Spider (0/4) Lair:4        Slime (0/5) Lair:6
    Orc (2/2) D:11            Elf (0/3) Orc:2

Altars:
Ashenzari
Hepliaklqana
Nemelex Xobeh
Okawaru
Qazlal
Sif Muna
Yredelemnul

Shops:
D:7 (   D:11 }

Annotations:
Abyss:1 Snorg


Innate Abilities, Weirdness & Mutations

You cannot wear most types of armour.
You are very stealthy in the water. (Stealth+)
You are amphibious.
You can wear up to eight rings at the same time.
You can use your tentacles to constrict eight enemies at once.
Your skin changes colour to match your surroundings (Stealth+).
Your rubbery body absorbs attacks. (AC +1, EV +1)
One of your tentacles bears a spike.
Your flesh is heat resistant. (rF+)


Message History

The orc sorcerer points at you and mumbles some strange words.
The bolt of negative energy misses you.
An orc comes into view. It is wielding a flail.
The orc sorcerer gestures at you while chanting.
You suddenly lose the ability to move!
The deep troll bites you!! The deep troll claws you. The deep troll claws you!
The orc shouts!
You can move again.
The deep troll bites you!! The deep troll claws you! The deep troll misses you.
The orc sorcerer gestures at you while chanting.
You suddenly lose the ability to move!
The deep troll bites you!!
* * * LOW HITPOINT WARNING * * *
The deep troll claws you.
* * * LOW HITPOINT WARNING * * *
The deep troll claws you!
* * * LOW HITPOINT WARNING * * *
The orc sorcerer casts a spell.
The sixfirhy hits you!
You die...

.....>...#.....###...........##
.###.............##...........#
..####.#...............#......#
..######.........##....)..#..##
..#...###.#...o............###
.......#.#...)).............##
...............o....###.#....#
.......#.......3TO..)#####..##
................@##...## ####
..................#....#
......................##
........#....<........#
........##............#
.#.#.....##...#.#.##.##
..#...#.####.......###
.....##.####.......#
....##...##.....#.##


You could see a deep troll, a sixfirhy, an orc sorcerer, an ogre and an orc.

Vanquished Creatures
  Kirke (Lair:6)
  The ghost of Xiguana the Destroyer, a journeyman DgWz (Lair:5)
  An ogre mage (Orc:2)
  Josephine (Lair:6)
  5 hydras
  Erolcha (D:10)
  2 hill giants (D:11)
  Pikel (D:8)
  2 oklob plants (D:11)
  2 wolf spiders (Lair:6)
  2 cyclopes
  A manticore (Lair:6)
  10 elephants (Lair:6)
  Joseph (D:10)
  Psyche (D:8)
  A molten gargoyle (D:11)
  10 black mambas
  A gargoyle (D:11)
  A torpor snail (Lair:6)
  13 spiny frogs
  The ghost of gamerape the Skirmisher, a novice OpAK of Lugonu (D:4)
  4 rime drakes
  9 komodo dragons
  6 trolls
  A polar bear (D:10)
  3 two-headed ogres
  A hornet (Lair:6)
  10 hippogriffs
  16 blink frogs
  A shadow (D:11)
  3 redbacks
  Eustachio (D:6)
  3 wraiths
  12 wyverns
  45 yaks
  A spriggan (D:9)
  3 basilisks
  4 hogs
  3 wargs (Orc:1)
  21 water moccasins
  9 porcupines
  5 ice beasts
  11 orc warriors
  A sky beast (D:9)
  A hornet zombie (D:9)
  2 phantoms
  12 ogres
  9 wolves
  6 centaurs
  8 crocodiles
  2 big kobolds
  12 bullfrogs
  5 scorpions
  A water moccasin skeleton (D:10)
  A wyvern skeleton (D:8)
  23 killer bees
  8 howler monkeys
  9 crimson imps
  A quasit (D:9)
  Crazy Yiuf (D:5)
  12 orc priests
  10 hounds
  17 jellies
  2 bullfrog skeletons (D:6)
  4 centaur skeletons
  A gnoll shaman (D:5)
  Jessica (D:3)
  2 iguanas
  18 orc wizards
  12 worker ants
  A killer bee zombie (D:8)
  2 hound zombies
  A hound skeleton (D:4)
  A howler monkey skeleton (D:7)
  2 worker ant zombies (D:10)
  7 gnolls
  14 adders
  4 shadow imps
  5 oozes
  3 adder skeletons
  3 worms
  A dart slug (D:1)
  8 leopard geckos
  59 orcs
  5 giant cockroaches
  5 goblins
  6 hobgoblins
  25 jackals
  5 quokkas
  3 ball pythons
  13 bats
  3 frilled lizards
  19 kobolds
  4 rats
611 creatures vanquished.

Vanquished Creatures (others)
  A hydra (Lair:6)
  The ghost of Borgoz the Skirmisher, a novice DsBe of Trog (D:6)
  An oklob plant (D:11)
  An orc sorcerer (Orc:1)
  An ugly thing (D:11)
  An elephant (Lair:6)
  2 black mambas
  A guardian serpent (Lair:6)
  3 spiny frogs
  A komodo dragon (D:10)
  2 rime drakes
  A hornet (Lair:6)
  A polar bear (Lair:5)
  A slime creature (Lair:6)
  A blink frog (Lair:2)
  A wraith (Lair:6)
  4 yaks
  Grum (D:11)
  2 water moccasins
  An ice beast (D:4)
  A slave (D:8)
  2 wolves (D:11)
  An ogre (D:11)
  2 bullfrogs
  A jelly (Lair:6)
  A hound (D:8)
  An orc priest (Orc:1)
  An orc (D:8)
  5 bushes
  35 fungi
  47 plants
125 creatures vanquished.

Grand Total: 736 creatures vanquished

Notes
Turn   | Place    | Note
-------+----------+-------------------------------------------
     0 | Abyss:1  | gamerape the Octopode Abyssal Knight began the quest for the Orb.
     0 | Abyss:1  | Reached XP level 1. HP: 16/16 MP: 2/2
   101 | Abyss:1  | Noticed a large abomination
   109 | Abyss:1  | Noticed a quasit
   157 | Abyss:1  | Noticed a small abomination
   169 | Abyss:1  | Noticed a small abomination
   172 | D:1      | Escaped the Abyss
   284 | D:1      | Reached XP level 2. HP: 17/21 MP: 3/3
   290 | D:1      | Reached * piety under Lugonu
   728 | D:2      | Reached XP level 3. HP: 26/26 MP: 4/4
   902 | D:2      | Reached skill level 1 in Stealth
  1257 | D:2      | Reached XP level 4. HP: 30/33 MP: 5/5
  1631 | D:3      | Reached ** piety under Lugonu
  1791 | D:3      | Reached XP level 5. HP: 19/37 MP: 7/7
  2094 | D:3      | Noticed Jessica
  2104 | D:3      | Killed Jessica
  2601 | D:4      | Reached XP level 6. HP: 39/44 MP: 6/8
  2846 | D:4      | Noticed gamerape's ghost (novice OpAK)
  3650 | D:4      | Reached skill level 5 in Fighting
  3734 | D:4      | Reached XP level 7. HP: 50/50 MP: 9/9
  4227 | D:4      | Found a shattered altar of Ashenzari.
  4594 | D:4      | Killed gamerape's ghost
  4594 | D:4      | Reached XP level 8. HP: 25/57 MP: 5/11
  4797 | D:5      | Entered Level 5 of the Dungeon
  5014 | D:5      | Reached skill level 5 in Stealth
  5030 | D:5      | Reached *** piety under Lugonu
  5107 | D:5      | Found an iron altar of Okawaru.
  5368 | D:5      | Found a stormy altar of Qazlal.
  5368 | D:5      | Found a sparkling altar of Nemelex Xobeh.
  6177 | D:5      | Found a runed door.
  6181 | D:5      | Noticed Crazy Yiuf
  6188 | D:5      | Killed Crazy Yiuf
  6408 | D:5      | Reached skill level 5 in Dodging
  6686 | D:6      | Reached skill level 5 in Invocations
  6724 | D:6      | Found a staircase to the Ecumenical Temple.
  6726 | D:6      | Reached XP level 9. HP: 64/64 MP: 12/12
  6928 | D:6      | Noticed Borgoz's ghost (novice DsBe)
  6940 | D:6      | Banished Borgoz's ghost
  6940 | D:6      | Reached skill level 5 in Long Blades
  7095 | D:6      | Noticed Eustachio
  7732 | D:6      | Killed Eustachio
  8342 | D:7      | Found a hazy altar of Hepliaklqana.
  8506 | D:7      | Found Duuzan's Weapon Emporium.
  8511 | D:7      | Reached **** piety under Lugonu
  8753 | D:7      | You fall through a shaft for 2 floors!
  9147 | D:9      | Reached XP level 10. HP: 54/73 MP: 11/14
  9422 | D:9      | Gained mutation: One of your tentacles bears a spike. [mutagenic meat]
  9423 | D:9      | Gained mutation: Your flesh is heat resistant. (rF+) [mutagenic meat]
  9929 | D:9      | Got a crude flail
  9930 | D:9      | Identified the +8 flail "Qac Wawu" {crush, MR++ Dex+4} (You found it on level 9 of the Dungeon)
 10961 | D:7      | Reached ***** piety under Lugonu
 11510 | D:8      | Noticed Pikel
 11530 | D:8      | Killed Pikel
 11807 | D:8      | Noticed Psyche
 11814 | D:8      | Killed Psyche
 11814 | D:8      | Reached skill level 10 in Fighting
 11837 | D:8      | Found a deep blue altar of Sif Muna.
 12193 | D:9      | Reached XP level 11. HP: 81/81 MP: 16/16
 12308 | D:10     | Entered Level 10 of the Dungeon
 12310 | D:10     | Noticed Snorg
 12680 | D:10     | Noticed a frost giant
 14245 | D:10     | Got the battleaxe of the Jolly Stories {freeze}
 14262 | D:9      | Identified the +0 battleaxe of the Jolly Stories {freeze, *Noise rN++ SInv} (You found it on level 10 of the Dungeon)
 14305 | D:10     | Noticed Erolcha
 14395 | D:10     | Killed Erolcha
 14395 | D:10     | Reached skill level 10 in Stealth
 15627 | D:10     | Noticed Joseph
 15638 | D:10     | Killed Joseph
 15658 | D:9      | Banished Snorg
 15711 | D:11     | Found a staircase to the Orcish Mines.
 16271 | D:11     | Noticed a white ugly thing
 16307 | D:11     | HP: 1/82 [white ugly thing (11)]
 16716 | D:11     | Noticed a cyclops
 17127 | D:11     | Killed a cyclops
 17650 | D:11     | Found Ofikluots's Gadget Boutique.
 17719 | D:11     | Noticed an oklob plant
 17723 | D:11     | Noticed an oklob plant
 17753 | D:11     | Noticed a purple ugly thing
 17760 | D:11     | Banished a purple ugly thing
 17773 | D:11     | Banished a white ugly thing
 18444 | D:11     | Noticed a hill giant
 18499 | D:11     | Noticed a hill giant
 18520 | D:11     | Reached XP level 12. HP: 31/90 MP: 4/17
 18548 | D:11     | HP: 3/90 [hill giant/giant spiked club (24)]
 18914 | D:11     | Noticed Grum
 19270 | D:11     | Learned a level 1 spell: Confusing Touch
 19551 | D:11     | Upgraded the game from 0.20-a0-270-g8e735b6 to 0.20-a0-277-g7db01f4
 19668 | D:11     | Killed Grum
 20318 | D:11     | Found a staircase to the Lair.
 20455 | Lair:1   | Entered Level 1 of the Lair of Beasts
 21458 | Lair:1   | Noticed a five-headed hydra
 21466 | Lair:1   | Killed a five-headed hydra
 22126 | Lair:2   | Found a staircase to the Shoals.
 22138 | Lair:2   | Reached skill level 10 in Dodging
 22177 | Lair:2   | Reached XP level 13. HP: 71/99 MP: 15/18
 23034 | Lair:3   | Found a basalt altar of Yredelemnul.
 23280 | Lair:3   | Reached skill level 1 in Evocations
 24763 | Lair:4   | Found a hole to the Spider Nest.
 25867 | Lair:5   | Noticed Xiguana's ghost (journeyman DgWz)
 26228 | Lair:5   | Killed Xiguana's ghost
 27145 | Lair:6   | Entered Level 6 of the Lair of Beasts
 27150 | Lair:6   | Noticed Kirke
 27398 | Lair:6   | Noticed Josephine
 27534 | Lair:6   | Killed Josephine
 27534 | Lair:6   | Reached XP level 14. HP: 68/108 MP: 12/19
 28417 | Lair:6   | Found a staircase to the Slime Pits.
 28430 | Lair:6   | Reached ****** piety under Lugonu
 28842 | Lair:6   | Reached skill level 5 in Evocations
 29865 | Lair:6   | Reached skill level 15 in Fighting
 30324 | Lair:6   | HP: 5/110 [eight-headed hydra (10)]
 32781 | Lair:6   | Reached skill level 10 in Long Blades
 34126 | Lair:6   | Killed Kirke
 35075 | Orc:1    | Entered Level 1 of the Orcish Mines
 35089 | Orc:1    | Reached skill level 15 in Stealth
 35287 | D:11     | Reached XP level 15. HP: 84/116 MP: 16/20
 35608 | Orc:2    | Entered Level 2 of the Orcish Mines
 35703 | Orc:2    | Found a staircase to the Elven Halls.
 36597 | Orc:2    | Paralysed by an orc sorcerer for 2 turns
 36601 | Orc:2    | Paralysed by an orc sorcerer for 3 turns
 36603 | Orc:2    | Mangled by a sixfirhy

Vault maps used:
D:1:      dpeg_arrival_windows_large_door
D:3:      uniq_jessica
D:4:      kennysheep_spiral_hall, lemuel_coloured_pillars_altar, first_bread
D:5:      gammafunk_temple_overflow_elements, okawaru_ov_weapons_minmay,
          minmay_holes, uniq_crazy_yiuf_cottage
D:6:      uniq_eustachio
D:7:      basic_altar, serial_shops, shop
D:8:      lemuel_blue_sif_altar, uniq_pikel, uniq_psyche
D:9:      the_bakery
D:10:     minmay_coctagon, uniq_snorg, uniq_erolcha, uniq_joseph
D:11:     lemuel_flame_loot_2, dpeg_oklobed_lair, orc_0_dummy, serial_shops,
          shop_statue, corexii_leaking_fountain, uniq_grum
Lair:2:   elwin_shoals_entry_rooms
Lair:3:   basic_altar
Lair:4:   spider_nest_entry_a, wad_woods_06, st_stairs_13, grunt_megastairs_3
Lair:6:   hangedman_lair_tendril_chambers, minmay_slime_entry_jelly_boxes,
          uniq_josephine, uniq_kirke
Orc:1:    enter_bailey_2
Orc:2:    st_orc_open, minmay_orc_barracks

Skill      XL: |  1  2  3  4  5  6  7  8  9 10 11 12 13 14 |
---------------+-------------------------------------------+-----
Stealth        | 1 2 3 4 5 7 9 11 12 13 15 | 15.1
Fighting       | 4 5 7 8 10 11 13 14 15 | 15.7
Dodging        | 3 4 5 6 7 8 10 11 | 11.9
Invocations    | 3 4 5 6 7 |  7.3
Long Blades    | 3 4 5 6 8 9 10 | 10.3
Evocations     | 4 6 |  6.8

Action                   |  1- 3 |  4- 6 |  7- 9 | 10-12 | 13-15 || total
-------------------------+-------+-------+-------+-------+-------++-------
Melee: Falchion          |    69 |    52 |       |       |       ||   121
       Constrict         |    19 |    23 |    60 |    86 |   109 ||   297
       Tentacles         |     9 |    21 |    55 |    97 |   198 ||   380
       Dagger            |       |    79 |   289 |   221 |   802 ||  1391
       Glaive            |       |       |     3 |       |       ||     3
       Flail             |       |       |       |   332 |    82 ||   414
       Kick              |       |       |       |   173 |   316 ||   489
Throw: Javelin           |       |       |     7 |       |       ||     7
       Tomahawk          |       |       |       |    39 |    23 ||    62
 Cast: Confusing Touch   |       |       |       |     2 |     2 ||     4
Invok: Depart the Abyss  |     1 |       |       |       |       ||     1
       Banish            |       |       |     2 |     7 |     4 ||    13
       Bend Space        |       |       |     3 |    12 |    10 ||    25
Evoke: Wand              |       |       |     3 |     2 |     6 ||    11
  Use: Scroll            |       |       |    11 |    13 |     7 ||    31
       Potion            |       |       |     3 |     8 |     5 ||    16
 Stab: Sleeping          |     6 |     6 |    19 |    28 |    36 ||    95
       Distracted        |       |       |     1 |     1 |     9 ||    11
       Invisible         |       |       |       |     1 |       ||     1
  Eat: Chunk             |     1 |     4 |    14 |    25 |    28 ||    72
       Beef jerky        |       |     1 |       |     1 |     3 ||     5
       Meat ration       |       |     1 |       |     1 |     2 ||     4
       Bread ration      |       |       |     1 |       |       ||     1
       Pizza             |       |       |       |     2 |       ||     2
       Fruit             |       |       |       |     6 |     3 ||     9
       Royal jelly       |       |       |       |     1 |     1 ||     2
Armor: Skin              |    11 |     9 |    11 |    11 |     9 ||    51
Dodge: Dodged            |    49 |    81 |   182 |   535 |   647 ||  1494
       Rpst.: Falchion   |    12 |     9 |       |       |       ||    21
